 Dungeon Crawl Stone Soup version 0.28-b1-25-g9875b3fc8c (webtiles) character file.

Game seed: 4025583554126785012

6739 emikaela the Fighter (level 11, -6/69 HPs)
             Began as a Gargoyle Hunter on Feb 3, 2022.
             Was an Elder of Sif Muna.
             Mangled by a komodo dragon (19 damage)
             ... on level 10 of the Dungeon on Feb 4, 2022.
             The game lasted 01:25:14 (14636 turns).

emikaela the Fighter (Gargoyle Hunter)             Turns: 14636, Time: 01:25:14

Health: -6/69      AC: 18    Str: 16      XL:     11   Next: 4%
Magic:  17/17      EV: 12    Int: 13 (14) God:    Sif Muna [****..]
Gold:   404        SH:  0    Dex: 12      Spells: 10/18 levels left

rFire   + . .      SeeInvis .   b - +2 scimitar (flame)
rCold   + + .      Faith    .   (no shield)
rNeg    + . .      Spirit   .   C - +2 leather armour {Will+}
rPois   ∞          Reflect  .   (no helmet)
rElec   +          Harm     .   (no cloak)
rCorr   .          Rampage  .   I - +0 pair of gloves
Will    +....                   (no boots)
Stlth   +++.......              (no amulet)
HPRegen 0.21/turn               U - +4 ring of protection
MPRegen 0.15/turn               L - ring "Seocorch" {rPois rF+ rC++}

@: no status effects
A: sickness immunity, AC +8, negative energy resistance 1, electricity
resistance, torment resistance 1, petrification resistance
a: Renounce Religion, Channel Magic, Forget Spell, Divine Exegesis


You were on level 10 of the Dungeon.
You worshipped Sif Muna.
Sif Muna was greatly pleased with you.
You visited 1 branch of the dungeon, and saw 10 of its levels.

You collected 404 gold pieces.

Inventory:

Hand Weapons
 a - a +1 shortbow
 b - a +2 scimitar of flaming (weapon)
 A - a +3 mace
 N - a +1 flail of draining
Missiles
 d - 174 arrows
 h - 38 bolts
 j - 4 javelins
 k - 4 curare-tipped darts {!f}
 n - a throwing net {!f}
 s - 316 stones (quivered)
 E - 7 poisoned darts
 Q - a boomerang
 S - 143 sling bullets
Armour
 C - a +2 leather armour of willpower (worn)
 G - the +2 shield of Resistance {rF++ rC++ Will++}
   (You found it on level 8 of the Dungeon)

   rF:        It greatly protects you from fire.
   rC:        It greatly protects you from cold.
   Will:      It greatly increases your willpower.
 I - a +0 pair of gloves (worn)
 O - a +2 robe of cold resistance
Magical Staves
 y - a staff of death
Jewellery
 L - the ring "Seocorch" (right hand) {rPois rF+ rC++}
   (You found it on level 8 of the Dungeon)

   [ring of poison resistance]

   rF:        It protects you from fire.
   rC:        It greatly protects you from cold.
   rPois:     It protects you from poison.
 U - a +4 ring of protection (left hand)
Wands
 c - a wand of charming (5)
 B - a wand of iceblast (4)
 P - a wand of paralysis (2)
 Y - a wand of polymorph (1)
Scrolls
 e - a scroll of noise {unknown}
 g - a scroll of amnesia {unknown}
 l - 2 scrolls of blinking
 m - a scroll of magic mapping {unknown}
 o - a scroll of immolation {!r}
 p - 6 scrolls of teleportation
 q - a scroll of enchant armour {unknown}
 u - a scroll of summoning
 v - a scroll of vulnerability {!r}
 K - a scroll of fog {unknown}
 R - a scroll of torment {unknown}
Potions
 f - 2 potions of curing
 i - a potion of berserk rage {!q}
 r - 3 potions of brilliance
 w - a potion of cancellation
 x - a potion of magic
 z - a potion of flight
 D - a potion of ambrosia
 F - 3 potions of mutation {!q}
 H - a potion of haste
 M - 2 potions of might {unknown}
 T - a potion of invisibility {unknown}


   Skills:
 + Level 8.5 Fighting
 - Level 4.0 Bows
 - Level 2.6 Dodging
 + Level 6.7 Stealth
 + Level 4.4 Spellcasting
 - Level 8.0 Conjurations
 - Level 2.0 Translocations
 - Level 7.0 Fire Magic
 + Level 4.1 Invocations
 + Level 4.3 Evocations


You had 10 spell levels left.
You knew the following spells:

 Your Spells              Type           Power      Damage    Failure   Level
f - Conjure Flame         Conj/Fire      22%        6-21      3%          3
p - Apportation           Tloc           16%        N/A       11%         1
w - Flame Wave            Conj/Fire      22%        2d7       11%         4

Your spell library contained the following spells:

 Spells                   Type           Power      Damage    Failure   Level
 Foxfire                  Conj/Fire      88%        2x1d8     1%          1
 Inner Flame              Hex/Fire       11%        N/A       17%         3
 Pain                     Necr           8%         1d4       24%         1
 Wereblood                Tmut           2%         N/A       36%         2
 Spider Form              Tmut/Pois      2%         N/A       58%         3
 Passage of Golubria      Tloc           8%         N/A       71%         4
 Agony                    Necr           2%         N/A       100%        5
 Alistair's Intoxication  Tmut/Pois      1%         N/A       100%        5
 Excruciating Wounds      Necr           1%         N/A       100%        5
 Silence                  Hex/Air        1%         N/A       100%        5
 Malign Gateway           Summ/Tloc      2%         N/A       100%        7
 Summon Hydra             Summ           1%         N/A       100%        7
 Lehudib's Crystal Spear  Conj/Erth      6%         10d3      100%        8
 Summon Horrible Things   Summ           1%         N/A       100%        8
 Sublimation of Blood     Necr           Unusable   N/A       N/A         2
 Statue Form              Tmut/Erth      Unusable   N/A       N/A         6

Dungeon Overview and Level Annotations

Branches:
Dungeon (10/15)            Temple (0/1) D:4             Orc (0/2) D:9
   Lair: D:8-11

Altars:
Gozag
Nemelex Xobeh
Qazlal
Sif Muna
Trog

Annotations:
D:4 exclusion: phantom, Edmund


Innate Abilities, Weirdness & Mutations

You are immune to sickness and miasma.
Your stone body is resilient. (AC +8)
You are immune to poison.
You resist negative energy. (rN+)
You are resistant to electric shocks. (rElec)
You are resistant to unholy torment.
You are immune to petrification.


Message History

You now have 404 gold pieces (gained 10).
d - 170 arrows (gained 1)
d - 171 arrows (gained 1)
d - 174 arrows (gained 3)
s - 316 stones (gained 25)
Found a dagger.
There is a stone staircase leading up here.
You climb upwards.
There is a stone staircase leading down here.
There is a stone staircase leading down here.
You climb downwards.
Found a ring mail.
Found a stone staircase leading down.
There is a stone staircase leading up here.
There is a stone staircase leading down here.
Found a stone staircase leading up.
A komodo dragon comes into view.
Found a leather armour.
The helpless komodo dragon fails to defend itself.
You hit the komodo dragon. You burn the komodo dragon.
The komodo dragon is lightly wounded.
The komodo dragon bites you.
The komodo dragon bites you but does no damage.
You hit the komodo dragon but do no damage.
The komodo dragon is lightly wounded.
The komodo dragon bites you.
You closely miss the komodo dragon.
The komodo dragon is lightly wounded.
The komodo dragon completely misses you.
You hit the komodo dragon but do no damage.
The komodo dragon is lightly wounded.
The komodo dragon bites you! The komodo dragon bites you!!
You are too injured to fight recklessly!
You hit the komodo dragon. You burn the komodo dragon.
The komodo dragon is moderately wounded.
The komodo dragon bites you!
* * * LOW HITPOINT WARNING * * *
You slash the komodo dragon! You burn the komodo dragon.
The komodo dragon is severely wounded.
The komodo dragon bites you!!
You die...

#.# #.#####....
#.##..[...#
####.##.#.#..#
#....##......
#.#####.#.#. #.#
#.... #.# #.l#
#.# #@# #.# #.#
#.# #.# ##.## #.#
#...######.##
#.#.........#
#...######.<.....
##### ##.#.##.
.#.#


You could see a komodo dragon.

Vanquished Creatures
  Erica (D:8)
  Joseph (D:8)
  A hornet (D:7)
  2 wraiths
  5 yaks
  3 steam dragons
  2 water moccasins (D:7)
  A warg (D:9)
  A swamp drake (D:9)
  An ice beast (D:7)
  5 orc warriors
  A sky beast (D:5)
  2 hornet zombies (D:8)
  2 necrophages
  2 ogres (D:5)
  5 centaurs
  A kobold brigand (D:6)
  6 bullfrogs
  2 scorpions
  A water moccasin skeleton (D:7)
  4 killer bees (D:8)
  4 howler monkeys
  5 wights
  4 centaur zombies
  A jelly (D:3)
  A hound (D:4)
  4 centaur skeletons
  2 gnoll shamans
  5 orc priests
  2 bullfrog skeletons
  A scorpion zombie (D:5)
  2 iguanas
  Natasha (thrice) (D:2)
  6 orc wizards
  A hound zombie (D:5)
  A howler monkey zombie (D:8)
  10 gnolls
  4 adders
  A howler monkey skeleton (D:6)
  A white imp (D:5)
  2 ufetubi
  A worm (D:3)
  A dart slug (D:3)
  23 orcs
  7 ball pythons
  6 endoplasms
  6 giant cockroaches
  5 goblins
  8 hobgoblins
  2 jackals (D:1)
  10 kobolds
  4 quokkas
  3 bats
  2 frilled lizards
  13 rats
200 creatures vanquished.

Vanquished Creatures (collateral kills)
  A gnoll (D:9)
1 creature vanquished.

Vanquished Creatures (others)
  A gnoll (D:9)
  12 plants
13 creatures vanquished.

Grand Total: 214 creatures vanquished

Notes
Turn   | Place    | Note
-------+----------+-------------------------------------------
     0 | D:1      | emikaela the Gargoyle Hunter began the quest for the Orb.
     0 | D:1      | Reached XP level 1. HP: 12/12 MP: 1/1
   348 | D:1      | Reached XP level 2. HP: 14/18 MP: 2/2
   757 | D:1      | Reached XP level 3. HP: 21/23 MP: 3/3
  1644 | D:2      | Noticed Natasha
  1651 | D:2      | Killed Natasha
  1652 | D:2      | Reached XP level 4. HP: 27/28 MP: 4/4
  1705 | D:2      | Noticed Natasha
  1717 | D:2      | Killed Natasha
  1730 | D:2      | Noticed Natasha
  1735 | D:2      | Killed Natasha
  1917 | D:2      | Found a faded altar of an unknown god.
  1920 | D:2      | Prayed at the altar of an unknown god.
  1920 | D:2      | Became a worshipper of Sif Muna the Loreminder
  1920 | D:2      | Reached * piety under Sif Muna
  1993 | D:3      | Reached XP level 5. HP: 24/33 MP: 5/5
  2846 | D:4      | Found a bloodstained altar of Trog.
  2902 | D:4      | Noticed Edmund
  2907 | D:4      | Reached ** piety under Sif Muna
  2984 | D:4      | Noticed a necrophage
  3062 | D:4      | Noticed a phantom
  3163 | D:4      | Reached XP level 6. HP: 40/40 MP: 6/6
  3171 | D:4      | Reached skill level 5 in Fighting
  3171 | D:4      | Reached skill level 5 in Stealth
  3528 | D:4      | Found a staircase to the Ecumenical Temple.
  4001 | D:5      | Entered Level 5 of the Dungeon
  4073 | D:4      | Killed a necrophage
  4170 | D:5      | Reached XP level 7. HP: 45/45 MP: 7/7
  4172 | D:5      | Learned a level 1 spell: Apportation
  4176 | D:5      | Learned a level 3 spell: Conjure Flame
  4412 | D:4      | Reached skill level 1 in Conjurations
  4579 | D:5      | Reached skill level 1 in Fire Magic
  4579 | D:5      | Reached skill level 1 in Evocations
  4682 | D:5      | Reached skill level 1 in Spellcasting
  4682 | D:5      | Reached skill level 1 in Translocations
  4976 | D:5      | Reached XP level 8. HP: 51/51 MP: 10/10
  5917 | D:6      | Reached *** piety under Sif Muna
  6006 | D:6      | Noticed a yak
  6006 | D:6      | Noticed a yak
  6006 | D:6      | Noticed a yak
  6018 | D:6      | Noticed a yak
  6021 | D:6      | Noticed a yak
  6029 | D:6      | Killed a yak
  6032 | D:6      | Killed a yak
  6237 | D:6      | Killed a yak
  6238 | D:6      | Reached XP level 9. HP: 39/55 MP: 10/13
  6324 | D:6      | Learned a level 4 spell: Flame Wave
  6460 | D:5      | Reached skill level 5 in Conjurations
  6460 | D:5      | Reached skill level 1 in Invocations
  7204 | D:6      | Reached skill level 5 in Fire Magic
  8504 | D:7      | Found a sparkling altar of Nemelex Xobeh.
  8507 | D:7      | Found a stormy altar of Qazlal.
  8917 | D:7      | Reached XP level 10. HP: 63/63 MP: 12/14
  9048 | D:8      | Noticed Joseph
  9076 | D:8      | Noticed Erica
  9205 | D:8      | Found the +2 shield of Resistance {rF++ rC++ Will++}
  9249 | D:8      | Reached **** piety under Sif Muna
  9684 | D:8      | Identified the ring "Seocorch" {rPois rF+ rC++} (You found
                  | it on level 8 of the Dungeon)
  9703 | D:8      | Got the Tome of the Volcanoes and Transmigration
 11940 | D:8      | Killed Joseph
 12222 | D:8      | Killed Erica
 12937 | D:9      | Found a shimmering blue altar of Sif Muna.
 13476 | D:9      | Found a staircase to the Orcish Mines.
 14023 | D:9      | Found an opulent altar of Gozag.
 14038 | D:9      | Reached XP level 11. HP: 59/69 MP: 17/17
 14428 | D:10     | Entered Level 10 of the Dungeon
 14636 | D:10     | Mangled by a komodo dragon

Illustrated notes

Levels and vault maps discovered:
D:1:      scummos_arrival_star, layout_loops_ring, st_stairs_2
D:2:      layout_loops_ring, shapermc_ecumenical_altar_mp_vishouse,
          minmay_rat_gold_closets, uniq_natasha
D:3:      layout_loops_ring, guppyfry_early_lair_pool
D:4:      layout_loops_ring, bloody_trog, minmay_temple_entry_junction_2,
          kennysheep_small_spiral, minmay_quantized, uniq_edmund
D:5:      layout_rooms
D:6:      layout_basic
D:7:      layout_cave_pools, gammafunk_temple_overflow_pools,
          wad_rectangle_vault
D:8:      minmay_weird_star, layout_loops_ring,
          minmay_fractal_squares_diagonal_5, uniq_joseph, uniq_erica
D:9:      layout_long_grid, nicolae_sif_muna_little_library,
          mainiacjoe_overflow_cross_hatched, david_orc_1_choice
D:10:     layout_loops_ring, cheibrodos_ashenzari_chains, dpeg_oklobed_lair,
          serial_glass, glass_columns_a, glass_columns_a

Skill      XL: |  1  2  3  4  5  6  7  8  9 10 |
---------------+-------------------------------+-----
Stealth        | 2 3 4 5 6 |  6.7
Fighting       | 3 4 5 6 7 8 |  8.5
Dodging        | 2 |  2.6
Conjurations   | 2 4 7 8 |  8.0
Fire Magic     | 1 4 6 7 |  7.0
Evocations     | 2 3 4 |  4.3
Spellcasting   | 1 3 4 |  4.4
Translocations | 1 2 |  2.0
Invocations    | 3 4 |  4.1
Bows           | |  4.0

Action                   |  1- 3 |  4- 6 |  7- 9 | 10-12 || total
-------------------------+-------+-------+-------+-------++-------
Melee: Short sword       |   120 |    30 |       |       ||   150
       Punch             |     3 |       |     3 |     9 ||    15
       Flail             |       |    84 |   272 |   160 ||   516
       Whip              |       |       |    20 |       ||    20
       Scimitar          |       |       |       |    68 ||    68
 Fire: Shortbow          |     5 |    50 |   168 |    49 ||   272
Throw: Stone             |       |       |   107 |    46 ||   153
 Cast: Conjure Flame     |       |       |     8 |     2 ||    10
       Flame Wave        |       |       |       |    13 ||    13
       Apportation       |       |       |       |    12 ||    12
Evoke: Wand              |       |       |       |    15 ||    15
  Use: Scroll            |       |       |     5 |     9 ||    14
       Potion            |       |       |     1 |     4 ||     5
 Stab: Sleeping          |    10 |    10 |     1 |     3 ||    24
Armor: Leather armour    |    47 |    54 |   201 |   196 ||   498
Dodge: Dodged            |    56 |    79 |   246 |   240 ||   621
